 Dungeon Crawl Stone Soup version 0.29.1-2-gbd0b4ee654 (webtiles) character file.

Game seed: 4489103338311803205

228 qeuew the Shooter (level 6, 0/37 HPs)
             Began as a Tengu Hunter on Nov 17, 2022.
             Slain by a yak (8 damage)
             ... on level 4 of the Dungeon.
             The game lasted 00:05:40 (3568 turns).

qeuew the Shooter (Tengu Hunter)                    Turns: 3568, Time: 00:05:41

Health: 0/37       AC: 17    Str: 11      XL:     6   Next: 2%
Magic:  7/7        EV:  4    Int:  6 (8)  God:
Gold:   216        SH:  0    Dex: 27 (28) Spells: 5/5 levels left

rFire   . . .      SeeInvis .   a - +0 shortbow
rCold   + . .      Faith    .   (shield currently unavailable)
rNeg    . . .      Spirit   .   l - +2 plate armour "Kusir" {Rampage rPois Dex+5 Stlth+}
rPois   +          Reflect  .   (helmet restricted)
rElec   +          Harm     .   (no cloak)
rCorr   .          Rampage  +   (no gloves)
Will    .....                   (boots unavailable)
Stlth   ..........              (no amulet)
HPRegen 0.12/turn               j - +4 ring of protection
MPRegen 0.10/turn               (no ring)

@: flying quickly and evasively, quick
A: beak, talons 3, nimble flight, agile 1, cold resistance 1, electricity
resistance
a: no special abilities


You were on level 4 of the Dungeon.
You visited 1 branch of the dungeon, and saw 5 of its levels.

You collected 216 gold pieces.

Inventory:

Hand Weapons
 a - a +0 shortbow (weapon)
Armour
 c - a +1 leather armour
 l - the +2 plate armour "Kusir" (worn) {Rampage rPois Dex+5 Stlth+}
   (You found it on level 5 of the Dungeon)

   Dex:       It affects your dexterity (+5).
   rPois:     It protects you from poison.
   Rampage:   It bestows one free step when moving towards enemies.
   Stlth:     It makes you more stealthy.
Jewellery
 i - an amulet of reflection
 j - a +4 ring of protection (left hand)
Wands
 k - a wand of roots (11) (quivered)
Scrolls
 b - 4 scrolls of identify
 e - 2 scrolls of enchant armour
 g - 3 scrolls of teleportation
Potions
 d - a potion of haste
 f - 3 potions of magic
 h - 3 potions of curing


   Skills:
 + Level 3.3 Fighting
 + Level 5.4 Ranged Weapons
 + Level 2.8 Armour
 + Level 3.7 Dodging
 - Level 1.0 Stealth
 + Level 0.3 Evocations


You had 5 spell levels left.
You didn't know any spells.
Your spell library contained the following spells:

 Spells                   Type           Power      Damage    Failure   Level
 Blink                    Tloc           0%         N/A       100%        2
 Static Discharge         Conj/Air       0%         3-3/arc   100%        2
 Ozocubu's Armour         Ice            0%         N/A       100%        3
 Dispel Undead            Necr           0%         3d6       100%        4
 Sticky Flame             Conj/Fire      0%         2d3       100%        4
 Manifold Assault         Tloc           0%         N/A       100%        5
 Ozocubu's Refrigeration  Ice            0%         4d7       100%        7
 Storm Form               Tmut/Air       0%         N/A       100%        7


Dungeon Overview and Level Annotations

Branches:
Dungeon (5/15)
 Temple: D:4-7

Altars:
Okawaru

Shops:
D:1 (


Innate Abilities, Weirdness & Mutations

You have a beak for a mouth.
You have claws for feet.
Your magical nature lets you fly swiftly and evasively.
You are agile. (Dex +4, Str/Int -1)
Your flesh is cold resistant. (rC+)
You are resistant to electric shocks. (rElec)


Message History

The yak gores you but does no damage. The yak barely misses you.
Unknown command.
Fire: a) +0 shortbow
Press: ? - help, Q - select action, (/) - cycle Shift-Dir - straight line, f/p - yak
Aim: a yak (moderately wounded, 77% to hit)
You shoot an arrow. The arrow barely misses the yak.
The yak gores you but does no damage. x2
Unknown command.
Fire: a) +0 shortbow
Press: ? - help, Q - select action, (/) - cycle Shift-Dir - straight line, f/p - yak
Aim: a yak (moderately wounded, 77% to hit)
You shoot an arrow. The arrow hits the yak.
The yak is moderately wounded.
The yak gores you but does no damage. The yak gores you!
* * * LOW HITPOINT WARNING * * *
The yak barely misses you.
Unknown command.
Okay, then.
Aiming: Fastroot
Press: ? - help, Q - select action, (/) - cycle Shift-Dir - straight line, f/p - yak
Aim: a yak (moderately wounded)
The roots erupt in riotous growth!
Roots grab the yak.
The grasping roots constrict the yak.
The yak gores you but does no damage.
The grasping roots constrict the yak.
The roots release their grip on the yak.
Aiming: Fastroot
Press: ? - help, Q - select action, (/) - cycle Shift-Dir - straight line, f/p - yak
Aim: a yak (heavily wounded)
The roots erupt in riotous growth!
Roots grab the yak.
The grasping roots constrict the yak.
The yak escapes!
Aiming: Fastroot
Press: ? - help, Q - select action, (/) - cycle Shift-Dir - straight line, f/p - yak
Aim: a yak (heavily wounded)
The roots erupt in riotous growth!
Roots grab the yak.
The grasping roots constrict the yak.
The yak gores you but does no damage.
The grasping roots constrict the yak.
The yak gores you!
You die...

#### ######## ####### ###..###
#......#
).....###......######......#
#####).......)<.........>..#
#######...####<#####.......#
†.......### #.Y#####......######
######### ##.@.# #...........# #
###.# #......####.# ###
#.###......# #..#
..###############...#......#
#.##
#.....................###### #.#
###################........###.#
######.#.....# #..##..##
##.##...##


You could see a yak (rooted).

Vanquished Creatures
  An iguana (D:4)
  Natasha (thrice) (D:4)
  An orc wizard (D:5)
  A gnoll (D:2)
  3 adders
  A shadow imp (D:5)
  4 dart slugs
  2 orcs
  3 ball pythons
  3 endoplasms
  A giant cockroach (D:3)
  8 goblins
  5 hobgoblins
  3 jackals (D:2)
  3 kobolds
  2 quokkas
  5 bats
  2 frilled lizards
  4 rats
55 creatures vanquished.

Notes
Turn   | Place    | Note
-------+----------+-------------------------------------------
     0 | D:1      | qeuew the Tengu Hunter began the quest for the Orb.
     0 | D:1      | Reached XP level 1. HP: 12/12 MP: 2/2
   221 | D:1      | Found Miqoha Mitti's Weapon Emporium.
   225 | D:1      | Reached XP level 2. HP: 17/17 MP: 3/3
   341 | D:1      | Found a faded altar of an unknown god.
   392 | D:1      | Reached skill level 1 in Armour
   848 | D:2      | Reached XP level 3. HP: 13/22 MP: 4/4
  1180 | D:2      | Reached XP level 4. HP: 24/27 MP: 5/5
  1921 | D:3      | Reached skill level 5 in Ranged Weapons
  2095 | D:4      | Noticed Natasha
  2109 | D:4      | Killed Natasha
  2110 | D:4      | Gained mutation: Your magical nature lets you fly swiftly
                  | and evasively. [Tengu growth]
  2110 | D:4      | Reached XP level 5. HP: 10/32 MP: 6/6
  2110 | D:4      | Gained mutation: You are resistant to electric shocks.
                  | (rElec) [potion of mutation]
  2110 | D:4      | Gained mutation: You are agile. (Dex +4, Str/Int -1)
                  | [potion of mutation]
  2110 | D:4      | Gained mutation: Your flesh is cold resistant. (rC+)
                  | [potion of mutation]
  2356 | D:4      | Noticed Natasha
  2364 | D:4      | Killed Natasha
  2507 | D:4      | Noticed Natasha
  2513 | D:4      | Killed Natasha
  2640 | D:4      | Identified the +7 quarterstaff of Voaf {drain, +Blink}
  2685 | D:5      | Entered Level 5 of the Dungeon
  2696 | D:5      | Noticed a water moccasin
  3017 | D:5      | Identified the +2 plate armour "Kusir" {Rampage rPois Dex+5
                  | Stlth+}
  3096 | D:5      | Found an iron altar of Okawaru.
  3199 | D:5      | Reached XP level 6. HP: 26/37 MP: 7/7
  3284 | D:5      | Noticed a yak
  3285 | D:5      | Noticed a yak
  3288 | D:5      | Noticed a yak
  3568 | D:4      | Slain by a yak

Illustrated notes

Levels and vault maps discovered:
D:1:      dpeg_arrival_snail, layout_basic, dreamdust_ecumenical_altar_grove,
          serial_shops, shop, kennysheep_crisscross, minmay_tetromino_i4
D:2:      layout_rooms
D:3:      layout_rooms, kennysheep_cluttered_room, dreamdust_princess_corridor
D:4:      layout_rooms, uniq_natasha
D:5:      lemuel_ice_spiral_2, layout_basic, kennysheep_little_box,
          overflow_temple_1_default, nicolae_overflow_hallway_of_the_gods,
          nicolae_shop_self_help, uniq_edmund

Skill      XL: |  1  2  3  4  5 |
---------------+----------------+-----
Armour         | 1 2 |  2.8
Dodging        | 3 |  3.7
Ranged Weapons | 5 |  5.4
Fighting       | 3 |  3.3
Stealth        | |  1.0
Evocations     | |  0.3

Action                   |  1- 3 |  4- 6 || total
-------------------------+-------+-------++-------
 Fire: Shortbow          |    83 |   124 ||   207
Evoke: Wand              |       |     3 ||     3
  Use: Scroll            |     4 |     2 ||     6
       Potion            |     1 |     6 ||     7
Armor: Leather armour    |    19 |    16 ||    35
       Plate armour      |       |    34 ||    34
Dodge: Dodged            |    39 |    48 ||    87
